Map: Dreamcatcher LE

Players

GOStephano (Stephano)

  • Race: Zerg Zerg
  • League: Master
  • Spawn Location: 11:00

lIIllllIIlll (INnoVation) - Winner!

  • Race: Terran Terran
  • League: Master
  • Spawn Location: 5:00

Event: HomeStory Cup XVII

VOD

Have the link to the VOD?

Description

Time

  • Played on: July 1, 2018, 12:05 p.m.
  • Length: 10:38

All games in this series

Show
View Real Time Build Order
Export as new Build Order

GOStephano Zerg 

Build Orders: Hatch First 

Get SALT Encoding   

  12  0:00  Drone  
  13  0:13  Overlord  
  13  0:17  Drone  
  14  0:31  Drone x2  
  16  0:49  Hatchery  
  15  0:51  Drone  
  15  0:55  Drone  
  17  0:58  Drone  
  18  1:08  Extractor  
  17  1:13  Spawning Pool  
  17  1:17  Drone  
  17  1:20  Drone  
  18  1:29  Drone  
  19  1:39  Drone  
  20  1:50  Drone  
  21  2:00  Queen x2  
  25  2:01  Zergling x4  
  27  2:11  Overlord  
  27  2:20  Hatchery  
  26  2:27  Drone  
  26  2:29  Drone  
  28  2:33  Metabolic Boost  
  28  2:39  Queen  
  30  2:45  Overlord  
  30  2:48  Drone  
  30  2:50  Drone  
  32  2:54  Drone  
  32  2:57  Drone  
  32  2:58  Drone  
  35  3:01  Drone  
  36  3:06  Overlord  
  36  3:11  Drone x2  
  38  3:13  Drone  
  38  3:15  Drone  
  40  3:21  Queen  
  40  3:25  Overlord  
  42  3:27  Drone  
  42  3:29  Drone  
  42  3:33  Drone  
  45  3:39  Drone x4  
  49  3:45  Drone x2  
  49  3:48  Queen  
  51  3:50  Drone  
  51  3:51  Zergling x2  
  51  3:53  Zergling x2  
  51  3:54  Zergling x2  
  57  3:58  Overlord  
  57  4:00  Zergling x2  
  58  4:06  Drone x3  
  58  4:07  Drone  
  62  4:11  Drone  
  62  4:12  Queen  
  65  4:21  Drone x2  
  65  4:22  Zergling x4, Evolution Chamber x2  
  65  4:35  Drone x7  
  65  4:38  Overlord  
  72  4:40  Queen  
  74  4:48  Spore Crawler  
  74  4:49  Spore Crawler, Queen  
  74  4:50  Spore Crawler  
  72  4:53  Zerg Ground Armor Level 1  
  72  4:56  Zerg Melee Weapons Level 1  
  72  4:57  Queen  
  74  5:00  Zergling x4  
  74  5:02  Zergling x2  
  74  5:05  Drone x3  
  80  5:07  Drone  
  80  5:08  Extractor  
  80  5:10  Drone x2, Extractor  
  80  5:13  Overlord  
  81  5:15  Overlord  
  81  5:18  Lair  
  81  5:24  Overlord  
  81  5:34  Hatchery  
  80  5:40  Drone x3  
  80  5:41  Roach Warren, Drone  
  83  5:44  Drone x4  
  83  5:46  Drone x4  
  91  5:51  Drone  
  91  5:52  Drone x2  
  91  5:54  Extractor  
  91  5:56  Extractor  
  92  6:02  Queen  
  92  6:03  Drone  
  92  6:04  Drone  
  97  6:07  Zergling x12  
  97  6:08  Baneling Nest, Zergling x2  
  103  6:15  Zergling x4  
  105  6:20  Overlord x3  
  105  6:24  Overlord  
  105  6:32  Overlord x2  
  105  6:43  Zergling x14  
  112  6:48  Zerg Ground Armor Level 2  
  112  6:49  Zergling x20  
  112  6:52  Centrifical Hooks  
  112  6:54  Baneling, Hydralisk Den, Infestation Pit  
  120  6:55  Baneling  
  120  7:03  Zergling x10  
  121  7:14  Drone x7  
  128  7:16  Baneling x5  
  128  7:25  Zergling x20  
  137  7:36  Zergling x2  
  141  7:37  Zergling x6  
  141  7:40  Zergling x4  
  141  7:42  Hive  
  141  7:43  Muscular Augments  
  143  7:49  Overlord x2  
  143  7:51  Overlord  
  143  7:53  Overlord  
  143  7:55  Extractor  
  143  7:56  Extractor  
  143  7:57  Zerg Melee Weapons Level 2  
  141  8:00  Hatchery  
  141  8:03  Overlord x2  
  141  8:04  Zergling x12  
  146  8:07  Extractor  
  146  8:10  Baneling x3, Zergling x2  
  146  8:11  Zergling x4  
  148  8:21  Zergling x20  
  148  8:22  Baneling, Zergling x6  
  148  8:23  Baneling  
  161  8:34  Hydralisk x3  
  161  8:36  Zergling x2  
  161  8:37  Zergling x6  
  171  8:42  Zergling x2  
  171  8:43  Zergling x6  
  175  8:54  Grooved Spines, Zergling x22  
  180  9:03  Zergling x6  
  180  9:06  Zergling x2  
  180  9:08  Baneling x15  
  184  9:13  Zergling x16  
  184  9:14  Hatchery  
  176  9:26  Zergling x18  
  165  9:37  Hydralisk  
  165  9:38  Hydralisk x4  
  120  9:42  Hydralisk  
  120  9:43  Hydralisk x6  
  126  9:46  Zergling x14  
  126  9:51  Baneling x4  
  126  9:52  Zergling x4  
  133  9:56  Zergling x4  
  129  10:02  Hydralisk x2  
  129  10:04  Zergling x2  
  119  10:07  Zergling x2  
  119  10:10  Baneling  
  119  10:11  Baneling x5, Zergling x2  
  119  10:12  Zergling x2  
Show
View Real Time Build Order
Export as new Build Order

lIIllllIIlll Terran - Winner!

Build Orders: Hellion Opening, Reaper Expand, Bio Tank 

Get SALT Encoding   

  12  0:00  SCV  
  13  0:12  SCV  
  14  0:17  Supply Depot  
  14  0:24  SCV  
  15  0:38  SCV  
  15  0:39  Barracks  
  16  0:44  Refinery  
  16  0:50  SCV  
  17  1:02  SCV  
  18  1:15  SCV  
  19  1:27  Orbital Command, Reaper  
  20  1:39  Command Center  
  20  1:50  Supply Depot  
  20  1:52  SCV  
  21  1:59  Marine  
  22  2:04  SCV  
  22  2:06  Factory  
  23  2:16  SCV  
  23  2:22  Barracks Reactor  
  24  2:28  SCV  
  25  2:37  Command Center  
  25  2:41  SCV  
  26  2:51  Orbital Command  
  26  2:53  SCV  
  27  3:01  Hellion x2  
  27  3:04  Barracks Tech Lab  
  31  3:05  SCV  
  32  3:17  SCV  
  32  3:18  SCV  
  34  3:22  Stimpack, Marine  
  34  3:23  Hellion x2  
  39  3:29  SCV  
  39  3:30  SCV  
  41  3:40  Marine  
  42  3:44  Hellion x2  
  46  3:49  Orbital Command, SCV x2  
  48  3:58  Marine  
  48  4:01  SCV x2  
  50  4:11  Engineering Bay x2  
  50  4:13  SCV x2  
  50  4:14  Barracks  
  50  4:15  Factory Reactor  
  50  4:16  Marine  
  54  4:17  Barracks, SCV  
  54  4:20  Refinery, Supply Depot  
  54  4:27  SCV x2  
  56  4:33  Marine  
  56  4:38  Refinery, SCV  
  58  4:39  SCV x2  
  58  4:41  Terran Infantry Armor Level 1, Terran Infantry Weapons Level 1  
  58  4:42  Supply Depot  
  58  4:45  Refinery  
  60  4:50  SCV  
  60  4:51  SCV  
  60  4:52  SCV  
  63  4:55  Marine  
  63  4:57  Supply Depot  
  64  5:03  SCV  
  64  5:04  SCV  
  64  5:05  Marine x2  
  64  5:06  Orbital Command  
  68  5:08  Supply Depot  
  68  5:12  Factory Reactor, Marine x2  
  70  5:14  Starport  
  70  5:16  SCV x2  
  70  5:17  Supply Depot  
  72  5:23  Marine  
  72  5:24  Combat Shields, Marine x2  
  72  5:28  Supply Depot, SCV x2  
  77  5:30  Marine x2  
  77  5:34  SCV  
  80  5:38  Armory  
  80  5:40  SCV x2  
  82  5:43  Marine  
  82  5:44  Marine x2  
  82  5:47  SCV  
  86  5:52  SCV x2  
  88  5:58  Medivac x2  
  88  6:00  SCV, Factory Tech Lab  
  88  6:01  Supply Depot  
  93  6:04  SCV x2  
  93  6:09  Barracks x2  
  95  6:13  Refinery x2, SCV  
  95  6:16  SCV x2  
  98  6:21  Siege Tank  
  98  6:22  Supply Depot  
  98  6:25  Supply Depot  
  101  6:27  SCV  
  101  6:28  Marine x2, SCV x2  
  101  6:29  Marine x3  
  109  6:36  Terran Infantry Armor Level 2, Terran Infantry Weapons Level 2  
  110  6:40  SCV x3  
  110  6:46  Command Center  
  112  6:51  Supply Depot  
  112  6:53  Factory  
  112  6:56  Barracks Reactor x2  
  112  6:57  Terran Vehicle And Ship Armor Level 1  
  112  7:00  SCV x3  
  115  7:02  Siege Tank  
  118  7:13  Barracks x3  
  118  7:17  Marauder  
  118  7:18  Marine x4  
  118  7:19  SCV x3  
  127  7:27  Medivac x2  
  127  7:28  Supply Depot  
  127  7:29  Supply Depot  
  131  7:33  Marine  
  131  7:34  Marine x3, Siege Tank  
  131  7:35  Marine  
  131  7:36  Marine  
  140  7:39  Supply Depot  
  140  7:41  Factory Tech Lab  
  140  7:49  Marauder, Concussive Shells, Marine x2  
  143  7:51  Marine x2  
  143  7:52  Marine x2  
  143  7:53  Marine  
  143  7:56  Supply Depot x2  
  143  7:57  Supply Depot  
  148  8:00  Siege Tank  
  148  8:01  Barracks Reactor x2, Barracks Tech Lab  
  148  8:02  Barracks Tech Lab  
  148  8:05  Medivac x2  
  155  8:06  Siege Tank  
  155  8:12  Marine x5  
  163  8:13  Marine  
  164  8:20  Planetary Fortress  
  164  8:21  Marine x2  
  164  8:25  Marauder x2  
  170  8:27  Marauder  
  170  8:33  Marine  
  170  8:34  Marine x5  
  173  8:39  Marine  
  179  8:42  Siege Tank x2  
  179  8:45  Marine x3  
  179  8:46  Marine x2  
  190  8:48  Marine  
  187  8:59  Marine x7  
  186  9:15  Marine, Marauder  
  186  9:16  Marine x2, Marauder x2  
  186  9:17  Marine x4  
  194  9:25  Siege Tank x2  
  167  9:41  Marauder x3, Marine x5  
  167  9:42  Marine x5  
  165  9:49  Medivac x2  
  169  9:59  Marine x6  
  174  10:02  Marauder x3  
  178  10:08  Marine  
  178  10:09  Marine x3  
  182  10:16  Marine  
  182  10:17  Marine x5  
Tags
 
Add a new tag
Caveats
  • Supply blocks, unpowered buildings, or Contaminate may cause inaccurate times.
  • Supply counts are checked every 10 seconds.